cohdb
Replays
Latest Replays
All Replays
Popular Replays
Top Player Replays
Match Explorer
How It Works
Community
CoH3 Stats
Reddit
Sign in to upload your games and track your stats! →
Sign in with Steam
Match 47402710
Unlisted
Match 47402710
Overview
Messages
Build Orders
End
Kettenkrad Recon Vehicle
Construct Infanterie Kompanie
MG 42 Machine Gun Team
MG 42 Machine Gun Team
Grenadier Squad
GrW 34 Mortar Team
Construct Panzergrenadier Kompanie
Medical Station
Selects Terror Battlegroup
Selects Machine Gun Camouflage
Panzergrenadier Squad
Pak 40 Anti-tank Gun Team
Panzergrenadier Squad
Selects Contempt for the Weak
MG 42 Machine Gun Team
Construct Panzer Kompanie
Panzergrenadier Squad
Selects No Quarter
Sturmpanzer IV Brummbär
Stoßtruppen Squad
Pioneer Squad
Selects Jericho Trumpet
Grenadier Squad
Nukepapa
Fajolada
Spytomb
Evvain
0
0
Comments
sign in to comment!
No comments posted yet!